 Dungeon Crawl Stone Soup version 0.29-a0-823-gc37b1572da (webtiles) character file.

Game seed: 7951298404343453243

1925 LynnLen the Covert (level 8, 0/41 HPs)
             Began as a Vampire Enchanter on July 8, 2022.
             Was an Initiate of Yredelemnul.
             Slain by an orc
             ... wielding a +3 mace
              (5 damage)
             ... on level 6 of the Dungeon.
             The game lasted 00:27:09 (7569 turns).

LynnLen the Covert (Vampire Enchanter)              Turns: 7569, Time: 00:27:09

Health: 0/41       AC: 18    Str: 12    XL:     8   Next: 96%
Magic:  13/13      EV: 12    Int: 19    God:    Yredelemnul [......]
Gold:   324        SH:  0    Dex: 15    Spells: 3/14 levels left

rFire   . . .      SeeInvis +   a - +3 dagger (protect)
rCold   + + .      Faith    .   (no shield)
rNeg    + + +      Spirit   .   k - +0 ring mail
rPois   ∞          Reflect  .   (no helmet)
rElec   .          Harm     .   g - +1 cloak of Limited Liability {Str+5}
rCorr   .          Rampage  .   (no gloves)
Will    .....                   (no boots)
Stlth   +++++++...              (no amulet)
HPRegen 0.00/turn               n - +4 ring of protection
MPRegen 0.13/turn               (no ring)

@: under a protective aura, bloodless, inhibited regen, hasted, very quick
A: bloodless, fangs 3, see invisible, vampiric 2
a: Bat Form, Revivify, Renounce Religion, Recall Undead Harvest


You were on level 6 of the Dungeon.
You worshipped Yredelemnul.
Yredelemnul was noncommittal.
You visited 2 branches of the dungeon, and saw 9 of its levels.
You also visited: Sewer.

You collected 852 gold pieces.
You spent 528 gold pieces at shops.

Inventory:

Hand Weapons
 a - a +3 dagger of protection (weapon)
Armour
 g - the +1 cloak of Limited Liability (worn) {Str+5}
   (You found it on level 2 of the Dungeon)

   Str:       It affects your strength (+5).
 k - a +0 ring mail (worn)
Jewellery
 h - an amulet of regeneration
 n - a +4 ring of protection (left hand)
Scrolls
 c - 2 scrolls of immolation
 d - 2 scrolls of teleportation
 i - a scroll of poison
 j - a scroll of torment
Potions
 e - a potion of ambrosia
 f - 2 potions of haste
 l - a potion of mutation
 m - 4 potions of lignification
 o - 3 potions of flight
 p - 3 potions of brilliance
 r - a potion of resistance


   Skills:
 - Level 1.1 Short Blades
 + Level 4.3 Dodging
 * Level 14.2 Stealth
 * Level 3.9 Spellcasting
 * Level 2.2 Conjurations
 + Level 5.8 Hexes
 + Level 0.2 Ice Magic
 * Level 3.0 Earth Magic


You had 3 spell levels left.
You knew the following spells:

 Your Spells              Type           Power      Damage    Failure   Level
a - Confusing Touch       Hex            25%        N/A       9%          3
b - Ensorcelled Hibernat  Hex/Ice        30%        N/A       14%         2
c - Stone Arrow           Conj/Erth      26%        3d8       32%         3
d - Tukima's Dance        Hex            25%        N/A       9%          3

Your spell library contained the following spells:

 Spells                   Type           Power      Damage    Failure   Level
 Sandblast                Erth           30%        2d9       9%          1
 Dazzling Flash           Conj/Hex       38%        N/A       19%         3
 Passwall                 Tmut/Erth      7%         N/A       26%         2
 Ozocubu's Armour         Ice            4%         N/A       63%         3
 Metabolic Englaciation   Hex/Ice        7%         N/A       94%         5
 Simulacrum               Ice/Necr       Unusable   N/A       N/A         6

Dungeon Overview and Level Annotations

Branches:
Dungeon (8/15)             Temple (1/1) D:5           Sewer (visited)
   Lair: D:8-11

Altars:
Hepliaklqana
Kikubaaqudgha
Qazlal
Ru
Uskayaw
Vehumet
Wu Jian
Yredelemnul

Shops:
D:1 ?


Innate Abilities, Weirdness & Mutations

You do not regenerate when monsters are visible.
You are frail without blood (-20% HP).
You can heal yourself when you bite living creatures.
You are immune to poison.
You have razor-sharp teeth.
You have supernaturally acute eyesight. (SInv)
You are afflicted with vampirism and can become a bat while bloodless.


Message History

You bite the necrophage, but do no damage.
The necrophage is almost destroyed.
The orc misses you. The necrophage closely misses you.
The orc hits you with a +0 club.
You closely miss the necrophage.
The necrophage is almost destroyed.
The orc hits you but does no damage. The necrophage barely misses you.
The orc barely misses you.
You closely miss the necrophage.
The necrophage is almost destroyed.
The orc hits you with a +3 mace!
* * * LOW HITPOINT WARNING * * *
The necrophage hits you but does no damage.
The orc hits you with a +0 club.
* * * LOW HITPOINT WARNING * * *
Unknown command.
Okay, then.
You feel yourself speed up. The orc hits you with a +3 mace.
* * * LOW HITPOINT WARNING * * *
The necrophage closely misses you. The orc closely misses you.
You hit the necrophage.
Your weapon exudes an aura of protection.
You bite the necrophage.
You destroy the necrophage!
The orc hits you but does no damage. x2
You see here a +0 flail.
You barely miss the orc. The orc hits you but does no damage.
The orc hits you with a +0 club.
* * * LOW HITPOINT WARNING * * *
You hit the orc.
The orc is lightly wounded.
You hit the orc.
You kill the orc!
The dead are walking!
The orc completely misses you.
You hit the orc but do no damage. You hit the orc.
The orc is severely wounded.
The orc hits you with a +3 mace.
You die...
Yredelemnul claims you as an undead slave.

.................................
#.........###.......#..#.........
#.##......####......#####........
#####.#....###.......##.#........
####...##.............#.#....
#...#..............##.....
##.................#......
##.........Z.............
##.....@)..........#....
##...o>[..........##...
###...##.####.....##.#..
#.........####..#....#..
###...<..#......#.......
##...#>#..............
#...####...#..#......
#######...##..##.....
#.........#...##


You could see an orc (ally target) and a friendly orc zombie.

Vanquished Creatures
  2 water moccasins
  An orc warrior (D:4)
  An ice beast (D:8)
  3 ogres (D:5)
  2 kobold brigands (Sewer)
  An elf zombie (D:4)
  A necrophage (D:6)
  An elf skeleton (D:4)
  5 scorpions
  3 orc priests (D:6)
  A human zombie (D:4)
  A hound (D:5)
  4 iguanas
  A human skeleton (D:4)
  2 orc wizards (D:6)
  5 adders
  2 gnolls (D:6)
  A river rat (Sewer)
  A white imp (D:6)
  An ufetubus (D:6)
  3 worms
  5 dart slugs
  15 orcs
  7 endoplasms
  3 giant cockroaches
  6 hobgoblins
  A jackal (Sewer)
  7 quokkas
  10 ball pythons
  7 bats
  2 frilled lizards
  6 goblins
  8 kobolds
  2 orc skeletons (D:4)
  8 rats
129 creatures vanquished.

Vanquished Creatures (collateral kills)
  A bullfrog (D:6)
  A hound (D:6)
  A gnoll bouda (D:6)
  2 gnolls (D:6)
  2 orcs (D:6)
7 creatures vanquished.

Vanquished Creatures (others)
  A water moccasin zombie (D:6)
  A hound zombie (D:6)
  An iguana zombie (D:6)
  2 gnoll zombies (D:6)
  4 orc zombies (D:6)
  2 plants (D:5)
  3 withered plants (D:3)
14 creatures vanquished.

Grand Total: 150 creatures vanquished

Notes
Turn   | Place    | Note
-------+----------+-------------------------------------------
     0 | D:1      | LynnLen the Vampire Enchanter began the quest for the Orb.
     0 | D:1      | Reached XP level 1. HP: 13/13 MP: 3/3
   127 | D:1      | Found Fyukh's Magic Scroll Shop.
   405 | D:1      | Reached skill level 5 in Stealth
   417 | D:1      | Reached XP level 2. HP: 15/15 MP: 5/5
   752 | D:1      | Found a faded altar of an unknown god.
  1123 | D:1      | Reached skill level 5 in Hexes
  1328 | D:2      | Gained mutation: You are afflicted with vampirism and can
                  | become a bat while bloodless. [Vampire growth]
  1328 | D:2      | Reached XP level 3. HP: 19/19 MP: 6/6
  1370 | D:2      | Identified the +1 cloak of Limited Liability {Str+5}
  1519 | D:2      | Reached skill level 6 in Stealth
  2094 | D:2      | Reached XP level 4. HP: 24/24 MP: 7/7
  2189 | D:2      | Identified a scroll of acquirement
  2189 | D:2      | Acquired 619 gold pieces
  2287 | D:3      | Reached skill level 7 in Stealth
  2330 | D:3      | Noticed a water moccasin
  2356 | D:3      | Killed a water moccasin
  2357 | D:3      | Reached skill level 8 in Stealth
  2357 | D:3      | Reached XP level 5. HP: 28/28 MP: 8/8
  2564 | D:3      | Learned a level 3 spell: Confusing Touch
  2567 | D:3      | Learned a level 2 spell: Ensorcelled Hibernation
  2571 | D:3      | Learned a level 3 spell: Stone Arrow
  2736 | D:3      | Found an ancient bone altar of Kikubaaqudgha.
  3101 | D:3      | Found Reomylom's Distillery.
  3107 | D:3      | Bought a potion of curing for 33 gold pieces
  3107 | D:3      | Bought a potion of flight for 33 gold pieces
  3107 | D:3      | Bought a potion of brilliance for 44 gold pieces
  3107 | D:3      | Bought a potion of heal wounds for 55 gold pieces
  3107 | D:3      | Bought a potion of haste for 110 gold pieces
  3107 | D:3      | Bought 2 potions of lignification for 66 gold pieces
  3107 | D:3      | Bought a potion of curing for 33 gold pieces
  3107 | D:3      | Bought a potion of brilliance for 44 gold pieces
  3107 | D:3      | Bought a potion of resistance for 110 gold pieces
  3305 | D:4      | Reached skill level 9 in Stealth
  3305 | D:4      | Reached XP level 6. HP: 29/32 MP: 9/9
  3408 | D:4      | Found a glowing drain.
  3449 | Sewer    | Entered a sewer
  3667 | Sewer    | Reached skill level 10 in Stealth
  3978 | D:4      | Reached skill level 1 in Earth Magic
  4142 | D:4      | Noticed an orc warrior
  4164 | D:4      | Killed an orc warrior
  4165 | D:4      | Reached XP level 7. HP: 36/36 MP: 7/10
  4323 | D:4      | Found an ornate altar of the Wu Jian Council.
  4562 | D:4      | Reached skill level 11 in Stealth
  4562 | D:4      | Reached skill level 1 in Conjurations
  4730 | D:4      | Learned a level 3 spell: Tukima's Dance
  5257 | D:5      | Entered Level 5 of the Dungeon
  5314 | D:5      | You fall into a shaft and drop 3 floors!
  5323 | D:8      | Reached skill level 12 in Stealth
  5340 | D:6      | Reached XP level 8. HP: 41/41 MP: 12/12
  5500 | D:5      | Found a staircase to the Ecumenical Temple.
  5940 | D:5      | Reached skill level 13 in Stealth
  6279 | Temple   | Entered the Ecumenical Temple
  6309 | Temple   | Became a worshipper of Yredelemnul the Dark
  6512 | D:6      | Reached * piety under Yredelemnul
  6973 | D:6      | Reached skill level 14 in Stealth
  7569 | D:6      | Slain by an orc

Illustrated notes

Levels and vault maps discovered:
D:1:      mrwooster_arrival_statue_2, layout_basic, serial_shops,
          nicolae_shop_trees, basic_ecumenical_altar
D:2:      layout_basic
D:3:      layout_basic, kiku_gazebo_garden_becter, serial_shops, shop_fountains
D:4:      layout_basic, mainiacjoe_overflow_24_doors,
          nicolae_ossuary_entry_catacombs, cheibrodos_sewer_entry_sluice,
          grunt_ministairs_12
D:5:      layout_basic, minmay_temple_entry_gardened_gates, minivault_4
D:6:      layout_cave_pools
D:7:      layout_loops_ring, cheibrodos_worm_habitat, serial_shops,
          nicolae_square_shop, nicolae_elevator_lobby_asterisk
D:8:      layout_loops_corners, zin_academy, david_lair_shrubbed,
          gammafunk_ghost_necromancy, kennysheep_boxes
Temple:   regret_index_temple_sphere_string

Skill      XL: |  1  2  3  4  5  6  7  8 |
---------------+-------------------------+-----
Stealth        | 5 6 8 9 10 12 14 | 14.2
Hexes          | 5 |  5.8
Earth Magic    | 1 2 3 |  3.0
Dodging        | 3 4 |  4.3
Conjurations   | 1 2 |  2.2
Spellcasting   | 3 |  3.9
Short Blades   | |  1.1
Ice Magic      | |  0.2

Action                   |  1- 3 |  4- 6 |  7- 9 || total
-------------------------+-------+-------+-------++-------
Melee: Dagger            |   128 |   209 |   286 ||   623
       Bite              |    13 |    21 |    36 ||    70
       Punch             |     3 |     7 |     6 ||    16
 Cast: Confusing Touch   |       |     1 |       ||     1
       Ensorcelled Hiber |       |       |     5 ||     5
       Tukima's Dance    |       |       |     3 ||     3
 Abil: Exsanguinate      |     1 |       |       ||     1
  Use: Potion            |     1 |     3 |    10 ||    14
       Scroll            |     6 |     6 |    10 ||    22
 Stab: Sleeping          |    19 |    14 |    17 ||    50
       Invisible         |       |     1 |       ||     1
       Confused          |       |     1 |       ||     1
       Distracted        |       |       |     3 ||     3
Armor: Robe              |     4 |       |       ||     4
       Ring mail         |    33 |    73 |   154 ||   260
Dodge: Dodged            |    73 |    99 |   201 ||   373

Table legend: (Time is in decaauts)
 A = Elapsed time spent in this place.
 B = Non-inter-level travel time spent in this place.
 C = Inter-level travel time spent in this place.
 D = Time resting spent in this place.
 E = Time spent auto-exploring this place.
 F = Levels seen in this place.
 G = Mean time per level.
                   A        B        C        D        E       F      G
               +--------+--------+--------+--------+--------+-----+--------+
         Total |   7581 |   7522 |     59 |   1642 |   3053 |  10 |  758.1 |
       Dungeon |   7002 |   6944 |     58 |   1456 |   2957 |   8 |  875.2 |
        Temple |     55 |     55 |      0 |      0 |     23 |   1 |   55.0 |
         Sewer |    523 |    523 |      0 |    186 |     73 |   1 |  523.0 |
               +--------+--------+--------+--------+--------+-----+--------+

Top non-repeatable levels by time:
     D:4: 1389 daAuts
     D:1: 1273 daAuts
     D:6: 1158 daAuts
     D:3: 1155 daAuts
     D:5: 1049 daAuts
     D:2: 935 daAuts
   Sewer: 523 daAuts
  Temple: 55 daAuts
     D:7: 28 daAuts
     D:8: 13 daAuts
